 Dungeon Crawl Stone Soup version 0.21.1-1-g345015f (webtiles) character file.

135 iamserjio the Sneak (level 5, -6/31 HPs)
             Began as an Octopode Conjurer on Apr 12, 2018.
             Shot with an arrow by a centaur (15 damage)
             ... on level 3 of the Dungeon.
             The game lasted 00:07:57 (2728 turns).

iamserjio the Sneak (Octopode Conjurer)             Turns: 2728, Time: 00:07:57

Health: -6/31      AC:  1    Str:  7    XL:     5   Next: 18%
Magic:  5/9        EV: 14    Int: 19    God:
Gold:   162        SH:  0    Dex: 12    Spells: 6/9 levels left

rFire    . . .     SeeInvis .   h - +0 dagger
rCold    . . .     Gourm    .   (no shield)
rNeg     . . .     Faith    .   (helmet restricted)
rPois    .         Spirit   .   (no amulet)
rElec    .         Reflect  .   (no ring)
rCorr    .         Harm     .   (no ring)
MR       .....                  (no ring)
Stlth    ++++......             (no ring)
HPRegen  0.10/turn              (no ring)
MPRegen  0.11/turn              (no ring)
                                (no ring)
                                (no ring)

@: very slightly contaminated
A: almost no armour, stealthy swim, amphibious, 8 rings, constrict 8, camouflage
1, gelatinous body 1
a: no special abilities


You were on level 3 of the Dungeon.
You were not hungry.

You visited 1 branch of the dungeon, and saw 4 of its levels.

You collected 162 gold pieces.

Inventory:

Hand Weapons
 e - a +0 whip
 h - a +0 dagger (weapon)
 r - a +0 hand axe of venom
Missiles
 g - 110 stones (quivered)
Jewellery
 p - a cursed ring of teleportation {unknown}
Scrolls
 c - a scroll of fog {unknown}
 i - 3 scrolls of teleportation {unknown}
 j - 3 scrolls of remove curse {unknown}
 l - a scroll of fear {unknown}
 n - 5 scrolls of identify {unknown}
 o - 2 scrolls of enchant weapon {unknown}
 q - a scroll of immolation {unknown}
Potions
 d - a potion of brilliance {unknown}
 k - 2 potions of lignification {unknown}
 m - a potion of heal wounds {unknown}
Books
 a - a book of Conjurations

   Spells                             Type                      Level
   a - Magic Dart                     Conjuration                  1
   b - Searing Ray                    Conjuration                  2
   c - Dazzling Spray                 Conjuration/Hexes            3
   d - Fulminant Prism                Conjuration/Hexes            4
   e - Force Lance                    Conjuration/Translocation    4
   f - Iskenderun's Mystic Blast      Conjuration                  4
Comestibles
 b - 4 rations


   Skills:
 + Level 2.8 Dodging
 * Level 5.1 Stealth
 + Level 2.8 Spellcasting
 + Level 4.5 Conjurations


You had 6 spell levels left.
You knew the following spells:

 Your Spells              Type           Power        Failure   Level  Hunger
a - Magic Dart            Conj           ###.         2%          1    None
b - Searing Ray           Conj           ###...       3%          2    ##.....


Dungeon Overview and Level Annotations

Branches:
Dungeon (4/15)
 Temple: D:4-7

Altars:


Innate Abilities, Weirdness & Mutations

You cannot wear most types of armour.
You are very stealthy in the water. (Stealth+)
You are amphibious.
You can wear up to eight rings at the same time.
You can use your tentacles to constrict eight enemies at once.
Your skin changes colour to match your surroundings (Stealth+).
Your rubbery body absorbs attacks. (AC +1, EV +1)


Message History

Nothing appears to happen.
The centaur shouts!
The centaur unwields an uncursed mace.
The centaur wields a runed shortbow.
The centaur shoots an arrow.
The arrow hits you.
The centaur shoots an arrow.
The arrow hits you!
Ouch! That really hurt!
* * * LOW HITPOINT WARNING * * *
The centaur shoots an arrow.
The arrow completely misses you.
Okay, then.
Okay, then.
Casting: Searing Ray
Confirm with . or Enter, or press ? or * to list all spells.
Aiming: Searing Ray
Press: ? - help, Shift-Dir - straight line, f/p - centaur
Aim: a centaur, wielding an enchanted shortbow The searing ray hits the centaur.
The centaur is moderately wounded. (Press . to maintain the ray.)
The centaur shoots an arrow.
The arrow hits you!
You die...

##.# #.#
#.###.#
#(.##.#
##.##.#
#..#.#
##.#.#
#...#
##..#######
#.>....@.#
########(#
#.# #c# ..#
###


You could see a centaur.

Vanquished Creatures
  6 adders
  An ooze (D:2)
  4 dart slugs
  2 leopard geckos
  3 giant cockroaches
  6 goblins
  8 hobgoblins
  3 jackals (D:1)
  A quokka (D:2)
  3 ball pythons
  9 bats
  4 frilled lizards
  6 kobolds
  14 rats
70 creatures vanquished.

Notes
Turn   | Place    | Note
-------+----------+-------------------------------------------
     0 | D:1      | iamserjio the Octopode Conjurer began the quest for the Orb.
     0 | D:1      | Reached XP level 1. HP: 11/11 MP: 3/3
    58 | D:1      | Reached skill level 3 in Stealth
   162 | D:1      | Reached XP level 2. HP: 17/17 MP: 0/5
   523 | D:1      | Reached XP level 3. HP: 21/21 MP: 0/6
  1066 | D:2      | Reached skill level 4 in Stealth
  1320 | D:1      | Learned a level 2 spell: Searing Ray
  1394 | D:2      | Reached XP level 4. HP: 27/27 MP: 2/7
  1673 | D:2      | Found a faded altar of an unknown god.
  2270 | D:3      | Reached skill level 5 in Stealth
  2270 | D:3      | Reached XP level 5. HP: 31/31 MP: 2/9
  2521 | D:3      | You fall through a shaft!
  2725 | D:3      | Noticed a centaur
  2728 | D:3      | Shot with an arrow by a centaur

Skill      XL: |  1  2  3  4 |
---------------+-------------+-----
Stealth        | 3 4 5 |  5.1
Dodging        | |  2.8
Spellcasting   | |  2.8
Conjurations   | |  4.5

Action                   |  1- 3 |  4- 6 || total
-------------------------+-------+-------++-------
Melee: Dagger            |    48 |    53 ||   101
       Constrict         |    15 |    10 ||    25
       Whip              |     1 |       ||     1
       Tentacles         |     6 |    11 ||    17
 Cast: Magic Dart        |    33 |    25 ||    58
       Searing Ray       |       |     2 ||     2
 Stab: Sleeping          |     6 |     9 ||    15
  Eat: Chunk             |     1 |     5 ||     6
Armor: Skin              |     5 |     1 ||     6
Dodge: Dodged            |    35 |    30 ||    65
